 Dungeon Crawl Stone Soup version 0.30-a0-509-gd016549fea (webtiles) character file.

Game seed: 6255779297464387323

31 Bnni the Vexing (level 3, -13/26 HPs)
             Began as a Formicid Hexslinger on Dec 22, 2022.
             Engulfed by a cloud of flame (16 damage)
             ... on level 1 of the Dungeon.
             The game lasted 00:04:38 (1144 turns).

Bnni the Vexing (Formicid Hexslinger)               Turns: 1144, Time: 00:04:39

Health: -13/26     AC:  3    Str: 14    XL:     3   Next: 40%
Magic:  0/5        EV: 12    Int: 14    God:
Gold:   25         SH:  0    Dex: 14    Spells: 0/4 levels left

rFire   . . .      SeeInvis +    a - +1 sling
rCold   . . .      Faith    .    (no shield)
rNeg    . . .      Spirit   .    c - +0 robe
rPois   .          Reflect  .    (helmet unavailable)
rElec   .          Harm     .    (no cloak)
rCorr   .          Rampage  .    (no gloves)
Will    .....                    i - +0 pair of boots
Stlth   +.........               (no amulet)
HPRegen 0.24/turn                (no ring)
MPRegen 0.09/turn                (no ring)

@: no status effects
A: permanent stasis, dig shafts and tunnels, antennae 3, four strong arms
a: Dig, Shaft Self


You were on level 1 of the Dungeon.
You visited 1 branch of the dungeon, and saw 2 of its levels.

You collected 25 gold pieces.

Inventory:

Hand Weapons
 a - a +1 sling (weapon)
Armour
 c - a +0 robe (worn)
 e - a +0 kite shield
 i - a +0 pair of boots (worn)
Scrolls
 b - a scroll of poison
 d - 4 scrolls of identify {unknown}
 f - 2 scrolls of noise {unknown}
 j - a scroll of silence {unknown}
Potions
 g - a potion of cancellation {unknown}
 h - a potion of invisibility {unknown}
 k - a potion of attraction {unknown}
 l - 3 potions of mutation {unknown}
 m - a potion of heal wounds {unknown}


   Skills:
 + Level 1.4 Fighting
 * Level 2.3 Ranged Weapons
 - Level 1.7 Dodging
 * Level 1.4 Shields
 + Level 1.3 Spellcasting
 + Level 3.8 Hexes
 * Level 1.1 Fire Magic


You couldn't memorise any spells.
You knew the following spells:

 Your Spells              Type           Power      Damage    Failure   Level
a - Slow                  Hex            44%        N/A       5%          1
b - Inner Flame           Hex/Fire       8%         N/A       26%         3

Your spell library contained the following spells:

 Spells                   Type           Power      Damage    Failure   Level
 Portal Projectile        Hex/Tloc       12%        N/A       34%         3
 Cause Fear               Hex            5%         N/A       45%         4


Dungeon Overview and Level Annotations

Branches:
Dungeon (2/15)

Altars:


Innate Abilities, Weirdness & Mutations

You cannot be hasted, slowed, berserked, paralysed or teleported.
You can dig through walls and to a lower floor.
You have a pair of large antennae on your head. (SInv)
Your four strong arms can wield two-handed weapons with a shield.


Message History

Casting: Slow (safe; 5% risk of failure)
Confirm with . or Enter, or press ? or * to list all spells.
Aiming: Slow (safe; 5% risk of failure)
Press: ? - help, Shift-Dir - straight line, f/p - Terence
Aim: Terence, wielding a +0 mace and wearing a +0 ring mail (chance to affect: 53%) Terence seems to slow down.
There is an open door here.
There is an open door here.
There is an open door here.
Casting: Slow (safe; 5% risk of failure)
Confirm with . or Enter, or press ? or * to list all spells.
The spell is extremely dangerous to miscast (26% risk of failure)!
Continue anyway? [Y]es or [N]o only, please.
The spell is extremely dangerous to miscast (26% risk of failure)!
Continue anyway?
Aiming: Inner Flame (extremely dangerous; 26% risk of failure)
Press: ? - help, Dir - move target, f/p - Terence
Aim: Terence, wielding a +0 mace and wearing a +0 ring mail (chance to affect: 64%) Terence is filled with an inner flame.
You shoot a sling bullet. The sling bullet barely misses Terence.
You shoot a sling bullet.
The sling bullet hits Terence but does no damage.
You shoot a sling bullet. The sling bullet hits Terence.
Flame seeps out of Terence.
Terence is moderately wounded.
Terence is engulfed in blazing flames.
Flame seeps out of Terence.
Casting: Inner Flame (extremely dangerous; 26% risk of failure)
Confirm with . or Enter, or press ? or * to list all spells.
Aiming: Slow (safe; 5% risk of failure)
Press: ? - help, Shift-Dir - straight line, f/p - Terence
Aim: Terence, wielding a +0 mace and wearing a +0 ring mail (almost dead, inner flame, chance to affect: 53%) Terence resists with significant effort.
There is an open door here.
You shoot a sling bullet. The sling bullet hits Terence.
Terence explodes!
The fiery explosion engulfs you!!
Ouch! That really hurt!
* * * LOW HITPOINT WARNING * * *
You are engulfed in blazing flames.
Ouch! That really hurt!
You die...

########### #...#### #.........#
#......# #.#######.# #......#
######### #.# #.# #......#
#........ #.# #.# #...####
#........ #># #.# #...# #........
#.#######.#####...######........
#.................'.............
#.#######.####.@..####..........
#.# #.# #§#### #.#........ #.#
#.# #§#######'#########
##.#######.# ##.........##
.....@.....###...#####...##
.#.##########.#.#.###.#.#.## .#@#
##.##.##.#.##.##.## .#.#
##.###.###.###.###.##
.#.#######.####.##.#.##.####.####


There were no monsters in sight!

Vanquished Creatures
  Terence (D:1)
  A dart slug (D:1)
  A ball python (D:2)
  4 bats
  2 endoplasms (D:1)
  3 giant cockroaches
  2 goblins
  2 hobgoblins (D:1)
  2 jackals (D:2)
  A quokka (D:1)
  A frilled lizard (D:1)
  3 kobolds (D:1)
  2 rats (D:1)
25 creatures vanquished.

Notes
Turn   | Place    | Note
-------+----------+-------------------------------------------
     0 | D:1      | Bnni the Formicid Hexslinger began the quest for the Orb.
     0 | D:1      | Reached XP level 1. HP: 15/15 MP: 2/2
    97 | D:1      | Reached XP level 2. HP: 21/21 MP: 3/3
   131 | D:1      | Found a faded altar of an unknown god.
   238 | D:1      | Reached skill level 1 in Shields
   447 | D:1      | Reached skill level 1 in Fire Magic
   568 | D:1      | Reached XP level 3. HP: 26/26 MP: 5/5
   572 | D:1      | Learned a level 3 spell: Inner Flame
   839 | D:2      | Noticed Terence
   868 | D:1      | HP: 1/26 [Terence/+0 mace (6)]
  1144 | D:1      | Killed Terence
  1144 | D:1      | Engulfed by a cloud of flame

Illustrated notes

Levels and vault maps discovered:
D:1:      roderic_octagonal_star, layout_basic,
          shapermc_ecumenical_altar_totnotflames
D:2:      layout_rooms, uniq_crazy_yiuf_cottage, uniq_terence

Skill      XL: |  1  2 |
---------------+-------+-----
Shields        | 1 |  1.4
Fire Magic     | 1 |  1.1
Fighting       | |  1.4
Ranged Weapons | |  2.3
Dodging        | |  1.7
Spellcasting   | |  1.3
Hexes          | |  3.8

Action                   || total
-------------------------++-------
 Fire: Sling             ||    68
 Cast: Slow              ||    17
       Inner Flame       ||     3
Armor: Robe              ||    10
Dodge: Dodged            ||    35

Table legend: (Time is in decaauts)
 A = Elapsed time spent in this place.
 B = Non-inter-level travel time spent in this place.
 C = Inter-level travel time spent in this place.
 D = Time resting spent in this place.
 E = Time spent auto-exploring this place.
 F = Levels seen in this place.
 G = Mean time per level.
                   A        B        C        D        E       F      G
               +--------+--------+--------+--------+--------+-----+--------+
         Total |   1163 |   1146 |     17 |      0 |    702 |   2 |  581.5 |
       Dungeon |   1163 |   1146 |     17 |      0 |    702 |   2 |  581.5 |
               +--------+--------+--------+--------+--------+-----+--------+

Top non-repeatable levels by time:
     D:1: 1080 daAuts
     D:2: 82 daAuts
